 Dungeon Crawl Stone Soup version 0.22.0-49-gab54619 (webtiles) character file.

74 Nydiazath the Covered (level 4, -1/29 HPs)
             Began as a Gargoyle Fighter on Sept 8, 2018.
             Killed by nerve-wracking pain
             ... invoked by Grinder
              (7 damage)
             ... while paralysed by Grinder
             ... on level 3 of the Dungeon.
             The game lasted 00:06:01 (1568 turns).

Nydiazath the Covered (Gargoyle Fighter)            Turns: 1568, Time: 00:06:01

Health: -1/29      AC: 13    Str: 21    XL:     4   Next: 28%
Magic:  4/4        EV:  2    Int:  8    God:
Gold:   121        SH:  0    Dex:  9    Spells: 3/3 levels left

rFire    x . .     SeeInvis .   a - +0 flail
rCold    + . .     Gourm    .   c - +0 shield
rNeg     + . .     Faith    .   b - +0 scale mail
rPois    ∞         Spirit   .   (no helmet)
rElec    +         Reflect  .   (no cloak)
rCorr    .         Harm     .   w - +0 pair of gloves
MR       .....                  n - +0 pair of boots
Stlth    ..........             g - amulet of rage
HPRegen  0.09/turn              k - ring of ice
MPRegen  0.09/turn              (no ring)

@: paralysed
A: negative energy resistance 1, electricity resistance, unbreathing,
petrification resistance, rot immunity, AC +3
a: Evoke Berserk Rage


You were on level 3 of the Dungeon.
You were not hungry.

You visited 1 branch of the dungeon, and saw 3 of its levels.

You collected 121 gold pieces.

Inventory:

Hand Weapons
 a - a +0 flail (weapon)
Armour
 b - a +0 scale mail (worn)
 c - a +0 shield (worn)
 n - a +0 pair of boots (worn)
 w - a +0 pair of gloves (worn)
Jewellery
 g - an amulet of rage (around neck)
 k - a ring of ice (left hand)
 r - an uncursed ring of flight {unknown}
Wands
 u - a wand of acid (8)
Scrolls
 i - 2 scrolls of remove curse {unknown}
 j - 2 scrolls of identify {unknown}
 l - 2 scrolls of amnesia {unknown}
 p - a scroll of enchant weapon {unknown}
 q - 4 scrolls of teleportation {unknown}
 s - 2 scrolls of immolation {unknown}
 t - a scroll of random uselessness {unknown}
 x - a scroll of blinking {unknown}
Potions
 d - a potion of might
 e - a potion of brilliance {unknown}
 h - 2 potions of agility {unknown}
 m - a potion of haste {unknown}
 o - 2 potions of curing {unknown}
 v - a potion of degeneration {unknown}
Comestibles
 f - 6 rations


   Skills:
 + Level 4.0 Fighting
 + Level 2.9 Maces & Flails
 + Level 4.0 Armour
 - Level 3.2 Shields
 + Level 0.8 Evocations


You had 3 spell levels left.
You didn't know any spells.
Your spell library was empty.

Dungeon Overview and Level Annotations

Branches:
Dungeon (3/15)

Altars:
Nemelex Xobeh

Annotations:
D:3 Grinder


Innate Abilities, Weirdness & Mutations

You are resistant to torment.
Your stone body is resilient. (AC +3)
You are immune to poison.
You resist negative energy. (rN+)
You are resistant to electric shocks. (rElec)
You can survive without breathing.
You are immune to petrification.
You are immune to rotting.


Message History

You sock Grinder!
Grinder is severely wounded.
Grinder gestures at you. You resist with significant effort.
You barely miss Grinder.
Grinder is severely wounded.
Grinder gestures at you.
You suddenly lose the ability to move!
Grinder gestures at you.
You are unaffected.
Grinder hits you.
* * * LOW HITPOINT WARNING * * *
You writhe in agony.
* * * LOW HITPOINT WARNING * * *
Grinder blinks!
Grinder gestures at you.
You shrug off the repeated paralysis!
Grinder gestures at you. Pain shoots through your body!
You die...

########## # #........## .
#.#####.5.##
#.##.####.###.########
#.#....@§.# #.....(..#
..##.......#.# #.##.#.#.###
........##.##...##.........
..###.#.##.# #.# #.........
# #.#.##.# #.###..###....
#.#.##.# # #...## ##..#
#.#.##.# #..## ###(.
#>......##.# #..# #....
.^..##... .. #..## #(#..


You could see Grinder.

Vanquished Creatures
  2 adders (D:2)
  2 dart slugs
  3 worms (D:2)
  A leopard gecko (D:1)
  4 bats
  2 giant cockroaches
  5 goblins
  9 hobgoblins
  3 jackals (D:1)
  A ball python (D:1)
  3 frilled lizards
  3 kobolds
  4 rats
42 creatures vanquished.

Notes
Turn   | Place    | Note
-------+----------+-------------------------------------------
     0 | D:1      | Nydiazath the Gargoyle Fighter began the quest for the Orb.
     0 | D:1      | Reached XP level 1. HP: 14/14 MP: 1/1
    79 | D:1      | Reached XP level 2. HP: 11/19 MP: 2/2
   396 | D:1      | Reached XP level 3. HP: 7/24 MP: 3/3
  1052 | D:2      | Reached XP level 4. HP: 27/29 MP: 4/4
  1481 | D:3      | Found a sparkling altar of Nemelex Xobeh.
  1543 | D:3      | Noticed Grinder
  1564 | D:3      | Paralysed by Grinder for 7 turns
  1568 | D:3      | Killed from afar by Grinder

Skill      XL: |  1  2  3  4 |
---------------+-------------+-----
Armour         | 4 |  4.0
Fighting       | 4 |  4.0
Maces & Flails | |  2.9
Shields        | |  3.2
Evocations     | |  0.8

Action                   |  1- 3 |  4- 6 || total
-------------------------+-------+-------++-------
Melee: Flail             |   161 |    64 ||   225
  Eat: Chunk             |       |     3 ||     3
Armor: Scale mail        |   139 |    31 ||   170
Dodge: Dodged            |    72 |    14 ||    86
Block: Shield            |   125 |    32 ||   157
